Unix NetHack Version 3.7.0-59 Work-in-progress - last build Jun 5 2022 17:08:46 (499eea869b49aadf0d9bfe9a757f046f4740a4be,branch:master). Game began 2022-06-02 15:44:12, ended 2022-06-09 19:54:29. MaestroSpook, lawful female dwarven Valkyrie ---------- |......... ---...----|- |..).- .)!) -... .%.. .).) 35% --- . E3 5E -----@----- ---...4@.5.4--- |.....%D..5...| |. ----A---- .| | |.@aA.a.|4 | |..a&a.a| |..4@a..|1 |.aa@...| |.......|5 5--------- 4 MaestroSpook the Swashbuckler St:25 Dx:18 Co:19 In:7 Wi:16 Ch:10 Lawful Astral Plane $:0 HP:138(196) Pw:40(40) AC:-27 Xp:18/1374501 TermIll Fly T:48965 Latest messages: The fire ant misses the giant beetle. Pick an object. # Talk to whom? (in what direction) The high priest of Tyr gives you two bits for an ale. The fire elemental misses it. The giant beetle misses it. The giant beetle turns to flee. The giant beetle bites it. The giant beetle misses Pestilence. The giant beetle turns to flee. It hits the giant beetle. The Angel of Loki picks up an orange dragon scale mail. The Angel of Loki puts on an orange dragon scale mail. The Angel of Loki picks up a wand of magic missile. The priestess of Loki swings her mace at the giant beetle. The priestess of Loki hits the giant beetle. The giant beetle is killed! There is a high altar to Tyr (lawful) here. You see here the uncursed Amulet of Yendor. G - the uncursed Amulet of Yendor. # Talk to whom? (in what direction) The high priest of Tyr asks you for a contribution for the temple. You refuse. "Thou shalt regret thine action!" The giant beetle misses Pestilence. The fire ant misses the giant beetle. The fire ant bites the giant beetle. The giant beetle is on fire! The killer bee misses the high priest of Tyr. Pestilence reaches out, and you feel fever and chills. You feel deathly sick. Pestilence touches you! The renegade priest of Tyr swings his mace at the water elemental. The renegade priest of Tyr hits the water elemental. The renegade priest of Tyr hits the water elemental. The priestess of Loki casts a spell! The priestess of Loki summons insects! What do you want to drop? [$abf-hjm-oqsw-zCE-IQX or ?*] 2 gold pieces land on the altar. # Talk to whom? (in what direction) # What do you want to sacrifice? [G or ?*] You offer the Amulet of Yendor to Tyr... An invisible choir sings, and you are bathed in radiance... The voice of Tyr booms out: "Mortal, thou hast done well!" "In return for thy service, I grant thee the gift of Immortality!" You ascend to the status of Demigoddess... Major events: Turn 1: MaestroSpook the lawful dwarven Valkyrie entered the dungeon 539: entered the Gnomish Mines 971: attained the rank of Skirmisher (level 3) 1233: reached Mine Town 3897: attained the rank of Fighter (level 6) 5433: has been given Excalibur, and now enjoys supreme executive power 6026: entered Sokoban 6774: completed sokoban 1 7188: completed sokoban 2 7907: completed sokoban 3 8729: completed sokoban 4 8766: acquired the Sokoban bag of holding 8952: attained the rank of Woman-at-arms (level 10) 10681: entered the Bigroom 24458: killed Medusa 25916: performed her first genocide (class L) 29255: bestowed with Mjollnir by Tyr 31935: made her first wish - "2 blessed scrolls of charging", got "2 scrolls labeled DUAM XNAHT" 31935: wished for "blessed fixed +2 silver dragon scale mail", got "a silver dragon scale mail" 31945: wished for "blessed fixed +2 cloak of magic resistance", got "a piece of cloth" 31974: wished for "uncursed magic marker", got "a magic marker" 32211: entered Gehennom 32567: attained the rank of Warrior (level 14) 34005: genocided class R 34006: genocided class ; 34704: found the Orb of Fate on the floor 34818: killed Lord Surtur 34820: acquired the Bell of Opening 37214: killed Juiblex 39456: killed Orcus 44261: killed the invisible Asmodeus 44796: attained the rank of Swashbuckler (level 18) 44909: destroyed Vlad the Impaler 44910: acquired the Candelabrum of Invocation 44917: wished for "blessed figurine of archon", got "a figurine of an Archon" 45907: killed the invisible Wizard of Yendor 45908: acquired the Book of the Dead 45974: performed the invocation 46295: killed the high priestess of Moloch 46299: acquired The Amulet of Yendor 46677: killed the Wizard of Yendor (2nd time) 46795: killed the Wizard of Yendor (3rd time) 47034: killed the invisible Baalzebub 47937: wished for "3 blessed scrolls of charging", got "a scroll of charging" 48085: entered the Elemental Planes 48085: entered Plane of Earth 48151: killed the Wizard of Yendor (5th time) 48516: entered Plane of Air 48636: wished for "2 cursed scrolls of gold detection", got "a scroll labeled GARVEN DEH" 48686: entered Plane of Fire 48790: entered Plane of Water 48913: entered the Astral Plane 48937: killed Pestilence 48965: ascended Inventory: Amulets ('"') H - an uncursed amulet of flying (being worn) q - an uncursed amulet of life saving Weapons (')') a - the blessed rustproof +7 Excalibur (wielded in right hand) Q - an uncursed +5 silver saber (wielded in left hand) Armor ('[') x - a blessed +1 orcish helm (being worn) X - an uncursed greased rusty +5 pair of gauntlets of power (being worn) o - a blessed thoroughly burnt +2 pair of speed boots (being worn) F - an uncursed fireproof +5 cloak of magic resistance (being worn) E - a blessed +4 silver dragon scale mail (being worn) Comestibles ('%') n - an uncursed food ration Spellbooks ('+') h - the uncursed Book of the Dead Rings ('=') C - an uncursed ring of conflict (on left hand) y - an uncursed ring of regeneration (on right hand) I - a cursed ring of shock resistance Wands ('/') m - an uncursed wand of death (1:3) Tools ('(') z - a blessed greased bag of holding containing 77 items g - the uncursed Bell of Opening (0:2) b - the uncursed Candelabrum of Invocation (0 of 7 candles attached) j - an uncursed magic marker named uc (1:2) f - the blessed Orb of Fate (0:0) w - a cursed skeleton key s - an uncursed +0 unicorn horn Contents of the bag of holding: 13037 gold pieces an uncursed amulet of life saving an uncursed amulet of life saving a cursed amulet of life saving a cursed amulet of life saving a cursed -1 helm of opposite alignment an uncursed partly eaten food ration 9 uncursed K-rations an uncursed tripe ration an uncursed lizard corpse a blessed scroll of blank paper a blessed scroll of create monster a blessed scroll of create monster 6 uncursed scrolls of create monster an uncursed scroll of enchant armor 3 uncursed scrolls of fire 3 uncursed scrolls of food detection 2 blessed scrolls of identify 3 uncursed scrolls of identify a cursed scroll of identify 2 blessed scrolls of punishment an uncursed scroll of remove curse 2 uncursed scrolls of taming 2 blessed scrolls of teleportation 5 uncursed scrolls of teleportation an uncursed potion of blindness 3 uncursed potions of extra healing 4 uncursed potions of extra healing 3 cursed potions of extra healing an uncursed potion of full healing 3 uncursed potions of full healing an uncursed diluted potion of full healing 2 cursed potions of full healing 2 uncursed potions of gain ability a cursed potion of gain ability a blessed potion of gain energy an uncursed potion of gain energy a cursed potion of gain energy an uncursed potion of gain level a blessed potion of healing a blessed diluted potion of healing 6 uncursed potions of healing 3 uncursed potions of object detection 2 uncursed potions of restore ability a cursed potion of see invisible an uncursed potion of sleeping an uncursed potion of speed 2 potions of holy water an uncursed potion of water an uncursed ring of protection from shape changers an uncursed ring of teleport control an uncursed wand of digging (0:1) an uncursed wand of fire (0:6) an uncursed wand of fire (2:6) an uncursed wand of fire (0:4) an uncursed wand of fire (0:2) an uncursed wand of fire (0:1) an uncursed wand of lightning (0:8) an uncursed wand of lightning (0:4) an uncursed wand of magic missile (0:6) an uncursed wand of magic missile (0:6) an uncursed wand of magic missile (0:6) an uncursed wand of magic missile (0:4) an uncursed wand of magic missile (0:3) an uncursed wand of polymorph (0:8) an uncursed wand of polymorph (0:4) an uncursed wand of polymorph (0:4) an uncursed wand of sleep (0:6) an uncursed wand of sleep (0:6) an uncursed wand of sleep (0:3) an uncursed wand of striking (0:6) an uncursed wand of striking (0:4) an uncursed wand of striking (0:4) an uncursed wand of striking (0:1) an uncursed can of grease (0:5) a blessed magic marker (1:2) an uncursed +0 pick-axe MaestroSpook the Valkyrie's attributes: Background: You were a Swashbuckler, a level 18 dwarven Valkyrie. You were lawful, on a mission for Tyr who was opposed by Odin (neutral) and Loki (chaotic). You were in the endgame, on the Astral Plane. You entered the dungeon 48965 turns ago. You had 1374501 experience points, 1185499 more were needed for level 19. Basics: You had 138 out of 196 hit points. You had all 40 energy points (spell power). Your armor class was -27. Your wallet was empty. Autopickup was off. Final Characteristics: Your strength was 25 (base:17, peak:18/01, innate limit:18/100). Your dexterity was 18 (limit:20). Your constitution was 19 (peak:20, limit:20). Your intelligence was 7 (limit:16). Your wisdom was 16 (limit:16). Your charisma was 10 (limit:16). Final Status: You were flying. You were terminally sick from illness. You were not hungry. You were unencumbered. You were wielding two weapons at once. Your skill in long sword was limited by being skilled with two weapons. Your two weapon skill was limited by being unskilled with saber. Final Attributes: You were piously aligned. You were magic-protected. You were fire resistant. You were cold resistant. You were sleep resistant. You were poison resistant. You were level-drain resistant. You were warned. You had automatic searching. You had infravision. You were stealthy. You caused conflict. You regenerated. You had a moderate defense bonus (+9). You were warded. You took half physical damage. You took half spell damage. You were very fast. You had reflection. You were lucky. You had extra luck. Good luck did not time out for you. You survived. Miscellaneous: You disabled loading of bones levels. Total elapsed playing time was 12 hours, 3 minutes and 24 seconds. Vanquished creatures: Asmodeus Baalzebub Orcus Juiblex the Wizard of Yendor (6 times) Pestilence Vlad the Impaler a high cleric 2 mastodons Medusa an Archon 2 iron golems 2 storm giants 3 glass golems 2 balrogs 4 purple worms a gray dragon 3 gold dragons a silver dragon 5 red dragons 3 white dragons an orange dragon 8 blue dragons a green dragon a yellow dragon 16 minotaurs 2 jabberwocks Lord Surtur 5 baluchitheria 4 Angels a demilich 7 stone golems 2 Olog-hai 7 pit fiends a sandestin 3 hell hounds 2 displacer beasts a titanothere 4 trappers a guardian naga 6 genetic engineers 36 vampire leaders 5 skeletons a shopkeeper 13 aligned clerics 5 captains 6 shades 3 liches 7 nurses 3 ice devils 3 nalfeshnees 2 lurkers above 4 frost giants 2 ettins 7 black puddings 25 vampires 4 lieutenants a watch captain 35 ghosts a samurai 4 queen bees 2 winged gargoyles a mind flayer 7 giant mimics 5 long worms 6 zruties 31 fire giants 12 ogre tyrants 2 ice trolls 23 rock trolls 6 umber hulks 5 flesh golems 4 elven monarchs 3 doppelgangers 11 hezrous 14 bone devils 5 large mimics 5 wumpuses 7 fire vortices 11 stalkers 13 air elementals 12 fire elementals 28 earth elementals 14 water elementals 9 hill giants 4 giant mummies 6 xorns 15 giant zombies 14 elf-nobles 19 sergeants 9 barbed devils 16 vrocks 10 salamanders 24 wargs 4 winter wolves 2 hell hound pups 7 small mimics 4 glass piercers 8 warhorses 8 steam vortices 14 xans 8 ettin mummies 6 ogre leaders 10 quantum mechanics 6 trolls a sasquatch a wood golem 3 erinyes 2 mariliths a djinni 4 sharks 2 electric eels 6 gelatinous cubes 3 pyrolisks a large dog a freezing sphere 7 flaming spheres 5 shocking spheres 2 large cats 7 tigers 8 gargoyles 3 tengu 8 ochre jellies 8 leocrottas 10 energy vortices 2 mountain centaurs 2 stone giants 5 elf mummies 7 human mummies 4 red nagas 3 green slimes 3 pythons 14 pit vipers 15 cobras 63 wraiths 2 carnivorous apes 15 ettin zombies 2 leather golems 21 Grey-elves 77 soldiers 4 watchmen 7 amorous demons 5 horned devils 6 chameleons 3 crocodiles 32 giant beetles 5 quivering blobs 15 cockatrices 18 wolves 10 winter wolf cubs 2 lynxes 69 gremlins 2 spotted jellies 38 leprechauns 5 orc-captains 4 iron piercers 3 mumakil 23 giant spiders 8 scorpions 7 horses 2 ice vortices 3 black lights 10 vampire bats 5 forest centaurs 2 gnome rulers 3 orc mummies 6 dwarf mummies 8 ogres 8 brown puddings 7 rust monsters 13 owlbears 7 yetis 5 gold golems 5 werewolves 19 Green-elves 8 giant eels 9 lizards 2 warriors 3 dingoes 5 dogs 6 housecats 8 jaguars 2 dwarf leaders 3 blue jellies 4 gray unicorns 5 black unicorns 8 dust vortices 33 ravens 4 plains centaurs 5 gnome mummies 8 snakes 14 apes 21 human zombies 2 rope golems 11 Woodland-elves 17 soldier ants 59 fire ants 6 bugbears 4 imps 3 lemures 6 quasits 3 wood nymphs 7 water nymphs 4 mountain nymphs 10 Mordor orcs 27 Uruk-hai 11 rock piercers 3 rock moles a woodchuck 4 ponies 8 fog clouds 9 yellow lights 3 shriekers 7 violet fungi 5 gnome leaders 2 gnomish wizards a Kop Lieutenant 3 kobold mummies a golden naga hatchling 5 gray oozes 5 barrow wights 12 elf zombies 15 ghouls 2 straw golems 3 paper golems 2 jellyfish 36 giant ants a little dog 11 floating eyes 5 kittens 3 dwarves 9 homunculi 4 kobold leaders 3 kobold shamans 34 hill orcs 9 rothes 2 centipedes 6 giant bats 3 monkeys 12 orc zombies 20 dwarf zombies 3 wererats 2 werejackals 13 iguanas 65 killer bees 6 acid blobs a gas spore 2 hobbits 14 manes 4 large kobolds 10 hobgoblins 17 giant rats 7 cave spiders 2 brown molds 3 yellow molds 3 green molds a red mold 21 gnomes 15 garter snakes 15 gnome zombies 10 geckos 18 jackals 4 foxes 3 kobolds 4 goblins 8 sewer rats 12 grid bugs a bat 13 lichens 11 kobold zombies 12 newts 2268 creatures vanquished. Genocided or extinct species: liches demiliches master liches arch-liches rust monsters disenchanters erinyes (extinct) jellyfish piranha sharks giant eels electric eels krakens 12 species genocided. 1 species extinct. Voluntary challenges: You read items or engraved 112 times. You engraved Elbereth 9 times. You genocided 12 types of monsters. You never changed form. You used 7 wishes. You did not wish for any artifacts. You violated the special Sokoban rules twice. Achievements: You entered the Gnomish Mines. You attained the rank of Skirmisher. You entered Minetown. You entered a shop. You entered a temple. You attained the rank of Fighter. You entered Sokoban. You completed Sokoban. You attained the rank of Woman-at-arms. You entered the Big Room. You defeated Medusa. You entered Gehennom. You attained the rank of Warrior. You had the Bell of Opening. You attained the rank of Swashbuckler. You had the Candelabrum of Invocation. You had the Book of the Dead. You gained access to Moloch's Sanctum. You reached the Elemental Planes. You reached the Astral Plane. You delivered the Amulet of Yendor. You ascended! The Elemental Planes: Astral Plane: <- You are here. A temple to Tyr. Plane of Water: Plane of Fire: Plane of Air: Plane of Earth: The Dungeons of Doom: levels 1 to 27 Level 1: A fountain. One way stairs up to The Elemental Planes. Level 2: Stairs down to The Gnomish Mines. Level 3: Level 4: An altar to Tyr, a tree. Level 5: Level 6: A sink. Level 7: Level 8: Many fountains. Level 9: Stairs up to Sokoban, level 8. Level 10: Level 11: A fountain. Level 12: A very big room. Level 13: Level 14: Level 15: "quest" Portal to The Quest. Level 16: A primitive area. Level 17: Level 18: A temple, a grave. Level 19: A fountain. Level 20: A fountain. Level 21: A grave. Level 22: A fountain, some sinks. Level 23: Level 24: A fountain, many trees. Level 25: Level 26: Level 27: A fountain. The castle. Connection to Gehennom. Gehennom: levels 28 to 51 Level 28: A temple, many graves. Valley of the Dead. Level 29: Level 30: Level 31: Level 32: Many fountains. Level 33: Level 34: Level 35: Level 36: Level 37: Level 38: Stairs up to Vlad's Tower, level 37. Level 39: Level 40: Level 41: Level 42: Some shops, an altar, many graves. Level 43: Level 44: Level 45: Level 46: Level 47: Level 48: Level 49: Level 50: Level 51: A temple, many graves. Moloch's Sanctum. The Gnomish Mines: levels 3 to 11 Level 3: Level 4: Level 5: Many shops, a temple to Tyr, some fountains. Level 6: Level 7: Level 8: Level 9: Level 10: Level 11: The Quest: levels 1 to 5 Level 1: A fountain. Completed quest for the Norn. Level 2: Level 3: Level 4: Level 5: Sokoban: levels 8 up to 5 Level 5: Solved. Level 6: Solved. Level 7: Solved. Level 8: Solved. Vlad's Tower: levels 37 up to 35 Level 35: A throne. Level 36: Level 37: Farvel MaestroSpook the Demigoddess... You went to your reward with 2514644 points, Excalibur (worth 4000 zorkmids and 10000 points) The Candelabrum of Invocation (worth 5000 zorkmids and 12500 points) The Orb of Fate (worth 3500 zorkmids and 8750 points) The Bell of Opening (worth 5000 zorkmids and 12500 points) The Book of the Dead (worth 10000 zorkmids and 25000 points) 5 amulets of life saving (worth 750 zorkmids), 1 amulet of flying (worth 150 zorkmids), and 13037 pieces of gold, after 48965 moves. You were level 18 with a maximum of 196 hit points when you ascended.